 Dungeon Crawl Stone Soup version 0.23-a0-49-gd9f7a49 (webtiles) character file.

277 galech the Skirmisher (level 6, 0/56 HPs)
             Began as a Minotaur Fighter on Aug 6, 2018.
             Slain by Grinder (2 damage)
             ... while paralysed by Grinder
             ... on level 3 of the Dungeon.
             The game lasted 00:03:38 (2567 turns).

galech the Skirmisher (Minotaur Fighter)            Turns: 2567, Time: 00:03:38

Health: 0/56       AC:  0    Str: 21    XL:     6   Next: 4%
Magic:  5/5        EV:  5    Int:  5    God:
Gold:   86         SH:  0    Dex: 16    Spells: 5/5 levels left

rFire    . . .     SeeInvis .   (weapon currently unavailable)
rCold    . . .     Gourm    .   (shield currently unavailable)
rNeg     . . .     Faith    .   (armour currently unavailable)
rPois    .         Spirit   .   (helmet currently unavailable)
rElec    .         Reflect  .   (cloak currently unavailable)
rCorr    .         Harm     .   (gloves currently unavailable)
MR       .....                  (boots currently unavailable)
Stlth    +.........             (no amulet)
HPRegen  0.18/turn              (ring currently unavailable)
MPRegen  0.09/turn              (ring currently unavailable)

@: paralysed, bat-form, flying, very quick
A: tiny, (retaliatory headbutt)
a: no special abilities


You were on level 3 of the Dungeon.
You were hungry.
You were in bat-form.
You visited 1 branch of the dungeon, and saw 4 of its levels.

You collected 86 gold pieces.

Inventory:

Hand Weapons
 a - a +0 war axe (melded)
Armour
 b - a +0 scale mail
 c - a +0 shield (melded)
 g - a +3 scale mail (melded)
Scrolls
 e - a scroll of identify {unknown}
 i - 5 scrolls of teleportation {unknown}
 l - a scroll of fear {unknown}
 m - a scroll of remove curse
 q - 3 scrolls of enchant armour {unknown}
 s - 2 scrolls of noise {unknown}
Potions
 d - 2 potions of might
 h - a potion of brilliance {unknown}
 j - a potion of resistance {unknown}
 k - a potion of invisibility {unknown}
 n - a potion of lignification {unknown}
 o - a potion of agility {unknown}
 p - 3 potions of curing
 r - a potion of heal wounds {unknown}
Comestibles
 f - 3 rations


   Skills:
 + Level 5.2 Fighting
 + Level 4.9 Axes
 + Level 4.2 Armour
 + Level 1.5 Dodging
 + Level 4.8 Shields


You had 5 spell levels left.
You didn't know any spells.
Your spell library was empty.

Dungeon Overview and Level Annotations

Branches:
Dungeon (4/15)
 Temple: D:4-7

Altars:
Cheibriados
Dithmenos
Elyvilon
Fedhas
Gozag
Hepliaklqana
Nemelex Xobeh
Ru
Trog
Wu Jian
Xom
Yredelemnul
Zin
The Shining One

Annotations:
D:3 Grinder


Innate Abilities, Weirdness & Mutations

((You reflexively headbutt those who attack you in melee.))
((You have a pair of horns on your head.))


Message History

You hit Grinder.
Grinder is lightly wounded.
Grinder hits you!
You writhe in agony.
You barely miss Grinder.
Grinder is lightly wounded.
Grinder closely misses you.
You barely miss Grinder.
Grinder is lightly wounded.
Grinder gestures at you.
You suddenly lose the ability to move!
Grinder hits you!
You writhe in agony.
Grinder hits you.
You writhe in agony.
Grinder hits you.
* * * LOW HITPOINT WARNING * * *
You writhe in agony.
* * * LOW HITPOINT WARNING * * *
Grinder hits you!
* * * LOW HITPOINT WARNING * * *
You writhe in agony.
You die...

# #...# #.#ยง..#.########## #
####...#####.##.##.##.#.....#
#
...........#................#
#
............>......##.......#
#
...........#..#.##.####.....#
##.#...#.###..#.##.# #.....#
##.#...#.# #..#..#.# #######
##.#...#.# #..##.#.#
#.#...#.# #....b5.####
#.......# #..........# ###
####.#### ##.##..#.#.# ##.##
#.#######.##..#.#.# ##.#.# #
#.........##....#.######.###.
## ####..........#.........##
## .#
##.####.#.#.#.#.######.###.
## ##...###.........# ##.#.#
######.....##...#.##### ##.##


You could see Grinder.

Vanquished Creatures
  Terence (D:1)
  Natasha (thrice) (D:2)
  7 gnolls (D:2)
  3 adders (D:2)
  2 worms (D:2)
  4 dart slugs
  A leopard gecko (D:1)
  2 ball pythons
  11 bats
  3 giant cockroaches
  4 goblins
  13 hobgoblins
  2 jackals (D:1)
  7 kobolds
  A quokka (D:3)
  3 frilled lizards
  6 rats
73 creatures vanquished.

Vanquished Creatures (others)
  An adder (D:2)
1 creature vanquished.

Grand Total: 74 creatures vanquished

Notes
Turn   | Place    | Note
-------+----------+-------------------------------------------
     0 | D:1      | galech the Minotaur Fighter began the quest for the Orb.
     0 | D:1      | Reached XP level 1. HP: 19/19 MP: 0/0
   130 | D:1      | Reached XP level 2. HP: 21/27 MP: 1/1
   144 | D:1      | Reached skill level 4 in Fighting
   309 | D:1      | Reached XP level 3. HP: 28/33 MP: 2/2
   711 | D:2      | Noticed Terence
   732 | D:1      | Killed Terence
   762 | D:2      | Reached XP level 4. HP: 38/40 MP: 3/3
   895 | D:2      | Found a faded altar of an unknown god.
   902 | D:2      | Noticed Natasha
   915 | D:2      | Killed Natasha
   915 | D:2      | Reached skill level 1 in Dodging
  1287 | D:2      | Reached XP level 5. HP: 47/47 MP: 4/4
  1377 | D:2      | Found a blossoming altar of Fedhas.
  1491 | D:2      | Noticed Natasha
  1502 | D:2      | Killed Natasha
  1502 | D:2      | Reached skill level 5 in Fighting
  1861 | D:2      | Found a glowing silver altar of Zin.
  1861 | D:2      | Noticed an angel
  1870 | D:2      | Found a shimmering altar of Xom.
  2113 | D:2      | Noticed Natasha
  2123 | D:2      | Killed Natasha
  2123 | D:2      | Reached XP level 6. HP: 48/56 MP: 5/5
  2331 | D:3      | Found a hazy altar of Hepliaklqana.
  2334 | D:3      | Found a sparkling altar of Nemelex Xobeh.
  2335 | D:3      | Found a glowing golden altar of the Shining One.
  2336 | D:3      | Found a sacrificial altar of Ru.
  2336 | D:3      | Found a snail-covered altar of Cheibriados.
  2336 | D:3      | Found an opulent altar of Gozag.
  2337 | D:3      | Found a white marble altar of Elyvilon.
  2338 | D:3      | Found a bloodstained altar of Trog.
  2339 | D:3      | Found a shadowy altar of Dithmenos.
  2340 | D:3      | Found an ornate altar of the Wu Jian Council.
  2341 | D:3      | Found a basalt altar of Yredelemnul.
  2526 | D:3      | Noticed Grinder
  2563 | D:3      | Paralysed by Grinder for 4 turns
  2567 | D:3      | HP: 2/56 [Grinder (10)]
  2567 | D:3      | Slain by Grinder

Vault maps used:
D:1:      roderic_crop_circles_arrival_small
D:2:      grunt_temple_overflow_order_and_chaos_1,
          chequers_ecumenical_altar_twisty, st_stairs_12, fedhas_altar_1,
          uniq_terence, uniq_natasha
D:3:      minitemple, uniq_grinder

Skill      XL: |  1  2  3  4  5 |
---------------+----------------+-----
Fighting       | 4 5 |  5.2
Shields        | 4 |  4.8
Axes           | 3 4 |  4.9
Armour         | 4 |  4.2
Dodging        | 1 |  1.5

Action                   |  1- 3 |  4- 6 || total
-------------------------+-------+-------++-------
Melee: War axe           |    80 |   114 ||   194
       Headbutt          |     8 |    19 ||    27
       Unarmed           |       |     4 ||     4
  Use: Scroll            |     1 |       ||     1
  Eat: Chunk             |       |     5 ||     5
Armor: Scale mail        |    46 |    38 ||    84
Dodge: Dodged            |    28 |    46 ||    74
Block: Shield            |    51 |    59 ||   110

Table legend:
 A = Spawn XP
 B = Non-spawn XP
 C = Spawn XP percentage of total XP
 D = Spawn monster count
 E = Non-spawn monster count
 F = Spawn count percentage of total count
 G = Total turns spent on level
                    A         B        C        D         E        F      G
               +---------+---------+-------+---------+---------+-------+---------
         Total |       0 |     396 |   0.0 |       0 |      73 |   0.0 |  2567
               +---------+---------+-------+---------+---------+-------+---------
           D:1 |       0 |      94 |   0.0 |       0 |      31 |   0.0 |   943
           D:2 |       0 |     291 |   0.0 |       0 |      35 |   0.0 |  1195
           D:3 |       0 |      11 |   0.0 |       0 |       7 |   0.0 |   414
               +---------+---------+-------+---------+---------+-------+---------
